 Dungeon Crawl Stone Soup version 0.21-a0-531-gacddea6 (webtiles) character file.

62741 kae the Brawler (level 14, 0/158 HPs)
             Began as a Troll Monk on Dec 13, 2017.
             Was the Champion of Wu Jian.
             Slain by an orc warrior
             ... wielding a +0 dire flail
              (15 damage)
             ... on level 2 of the Orcish Mines.
             The game lasted 00:31:07 (20086 turns).

kae the Brawler (Troll Monk)                       Turns: 20086, Time: 00:31:07

Health: 0/158      AC:  9    Str: 22    XL:     14   Next: 65%
Magic:  13/13      EV: 14    Int:  3    God:    Wu Jian [******]
Gold:   2081       SH: 15    Dex: 20    Spells: 13/13 levels left

rFire    + + .     SeeInvis +     - Unarmed
rCold    x . .     Gourm    +   S - +0 large shield
rNeg     . . .     Faith    .   T - +0 fire dragon scales
rPois    +         Spirit   .   (helmet restricted)
rElec    .         Reflect  .   (no cloak)
rCorr    .         Harm     .   (gloves unavailable)
MR       ++++.                  (boots unavailable)
Stlth    ..........             (no amulet)
HPRegen  0.76/turn              y - ring of Deifelif {rF+ Dex+4 Slay+5}
MPRegen  0.13/turn              g - ring "Micuj" {rPois rF- MR+++ EV+3 Int-5 SInv}

@: corroded
A: large, unfitting armour, claws 3, clever 1, fast metabolism 3, gourmand,
regeneration 1, robust 1, shaggy fur 1, tough skin 2
a: Serpent's Lash, Heavenly Storm, Renounce Religion


You were on level 2 of the Orcish Mines.
You worshipped Wu Jian.
Wu Jian was exalted by your worship.
You were very full.

You visited 4 branches of the dungeon, and saw 21 of its levels.
You also visited: Bailey.

You collected 2081 gold pieces.

Inventory:

Hand Weapons
 x - a +0 spear
Armour
 s - a +0 robe of positive energy
 F - a +1 troll leather armour
 S - a +0 large shield (worn)
 T - +0 fire dragon scales (worn)
Jewellery
 e - an uncursed ring of fire
 g - the ring "Micuj" (right claw) {rPois rF- MR+++ EV+3 Int-5 SInv}
   (You found it on level 7 of the Dungeon)

   [ring of evasion]

   It affects your evasion (+3).
   It affects your intelligence (-5).
   It makes you vulnerable to fire.
   It protects you from poison.
   It affects your resistance to hostile enchantments.
   It lets you see invisible.
 m - an uncursed ring of wizardry
 t - an uncursed ring of protection from cold
 y - the ring of Deifelif (left claw) {rF+ Dex+4 Slay+5}
   (You acquired it on level 1 of the Lair of Beasts)

   [ring of protection from fire]

   It affects your dexterity (+4).
   It affects your accuracy and damage with ranged weapons and melee attacks
   (+5).
   It protects you from fire.
 A - a +2 ring of strength
 I - an uncursed ring of poison resistance
 K - a +4 ring of dexterity
 N - a +2 ring of strength
 W - the ring "Reckoz" {rElec rC+ MR++ Str+8 Dex-5}
   (You found it on level 6 of the Lair of Beasts)

   [ring of protection from cold]

   It affects your strength (+8).
   It affects your dexterity (-5).
   It protects you from cold.
   It insulates you from electricity.
   It affects your resistance to hostile enchantments.
Wands
 q - a wand of flame (94)
 C - a wand of iceblast (34)
 L - a wand of polymorph (11)
 M - a wand of acid (6)
 O - a wand of paralysis (16)
 V - a wand of clouds (5)
Scrolls
 a - 4 scrolls of enchant weapon
 f - 2 scrolls of blinking
 i - 6 scrolls of teleportation
 o - 7 scrolls of amnesia
 p - 4 scrolls of remove curse
 z - 2 scrolls of enchant armour
 E - 4 scrolls of identify
 R - 2 scrolls of fear
 U - 2 scrolls of fog
 Z - 2 scrolls of magic mapping
Potions
 c - 10 potions of curing
 h - 5 potions of haste
 j - 4 potions of lignification
 k - 4 potions of brilliance
 l - 3 potions of flight
 n - 2 potions of berserk rage
 u - 2 potions of might
 v - a potion of magic
 w - 5 potions of heal wounds
 B - a potion of mutation
 G - 2 potions of agility
Comestibles
 b - 11 bread rations
 d - 13 meat rations
 r - 21 royal jellies
 Y - 12 fruits


   Skills:
 + Level 10.7 Fighting
 + Level 6.7 Armour
 + Level 10.7 Dodging
 - Level 1.0 Stealth
 + Level 3.8 Shields
 * Level 16.7 Unarmed Combat


You had 13 spell levels left.
You didn't know any spells.

Dungeon Overview and Level Annotations

Branches:
Dungeon (12/15)            Temple (1/1) D:4            Lair (6/6) D:10
 Shoals (0/4) Lair:4        Snake (0/4) Lair:4        Slime (0/5) Lair:5
    Orc (2/2) D:10
    Elf: Orc:2

Altars:
Ashenzari
Cheibriados
Dithmenos
Elyvilon
Fedhas
Gozag
Hepliaklqana
Kikubaaqudgha
Makhleb
Nemelex Xobeh
Okawaru
Qazlal
Ru
Sif Muna
Trog
Uskayaw
Vehumet
Wu Jian
Xom
Yredelemnul
Zin
The Shining One
Lugonu

Shops:
D:10 %   D:11 *   Orc:1 :


Innate Abilities, Weirdness & Mutations

You are too large for most types of armour.
You have claws for hands.
Your metabolism is lightning-fast.
You like to eat raw meat.
Your natural rate of healing is unusually fast.
You are covered in fur. (AC +1)
You have very tough skin. (AC +2)
Your mind is acute. (Int +2)
You are robust. (+10% HP)


Message History

You claw the orc sorcerer!
The orc sorcerer is heavily wounded.
You block the orc warrior's attack. x2; You block the orc sorcerer's attack.
The stone giant hits you!! The troll bites you but does no damage.
The troll barely misses you. The troll claws you.
You closely miss the orc sorcerer.
The orc sorcerer is heavily wounded.
You block the orc warrior's attack. The orc warrior closely misses you.
The orc sorcerer misses you.
You mangle the orc sorcerer!!
You kill the orc sorcerer!
The Council accepts your kill.
The orc warrior hits you with a hand axe!
* * * LOW HITPOINT WARNING * * *
The stone giant hits you!!
* * * LOW HITPOINT WARNING * * *
The troll closely misses you. You block the troll's attack.
The troll claws you but does no damage.
The orc warrior hits you with a dire flail!
You die...

...................
...................
.................##
..................#.
........<...........
........)...........
..$......o...).$....
.........)oCT.......
..........o@.......#
...........<...#....
....................
#...................
##..................
#...................
.............#......
..................
...............


You could see a stone giant, a troll and 3 orc warriors.

Vanquished Creatures
  A fire dragon (Lair:6)
  3 hydras
  A catoblepas (Lair:2)
  A centaur warrior (D:9)
  An anaconda (Lair:6)
  A two-headed ogre (D:10)
  6 death yaks (Lair:6)
  Urug (Lair:4)
  An unseen horror (D:12)
  The ghost of RexLacerta the Magician, a novice VSIE of Nemelex Xobeh (D:9)
  A swamp dragon (Lair:6)
  Pikel (D:8)
  An orc knight (Orc:2)
  2 wolf spiders (Lair:6)
  2 orc sorcerers
  5 slime creatures (D:12)
  A manticore (Lair:4)
  5 elephants
  2 cyclopes (D:9)
  The ghost of Nico3ck the Cudgeler, a novice GrWz (D:4)
  Joseph (D:8)
  A guardian serpent (Lair:6)
  8 black mambas
  A gargoyle (D:9)
  18 komodo dragons
  18 spiny frogs
  2 rime drakes (Lair:6)
  A yaktaur (D:9)
  3 trolls
  A polar bear (Lair:5)
  3 hornets
  7 blink frogs
  Prince Ribbit (D:8)
  8 hippogriffs
  3 redbacks (Lair:6)
  A shadow (D:12)
  A wraith (D:11)
  47 yaks
  3 hungry ghosts
  13 wyverns
  5 basilisks
  A small abomination (D:7)
  A steam dragon (Lair:6)
  3 vampire mosquitoes (D:12)
  3 acid dragons (Lair:6)
  3 nagas (Lair:4)
  26 water moccasins
  11 porcupines
  16 orc warriors
  A sky beast (D:10)
  4 black bears
  A necrophage (D:12)
  An ice beast (D:10)
  2 phantoms
  4 slaves (D:8)
  4 ogres
  2 eyes of draining (D:8)
  4 boggarts (Lair:5)
  14 wolves
  15 centaurs
  15 crocodiles
  A big kobold (D:9)
  10 bullfrogs
  A water moccasin zombie (D:8)
  3 scorpions
  6 howler monkeys
  10 wights
  An electric eel (Lair:3)
  7 crimson imps
  A bullfrog zombie (D:9)
  4 centaur zombies
  2 quasits
  9 hounds
  9 jellies
  A bullfrog skeleton (D:10)
  A centaur skeleton (D:7)
  11 orc priests
  12 orc wizards
  8 iguanas
  4 hell rats (Lair:5)
  10 worker ants
  2 hound skeletons
  Robin (D:4)
  A worker ant zombie (D:9)
  14 adders
  10 gnolls
  4 shadow imps
  11 oozes
  2 adder skeletons
  3 adder zombies
  5 worms
  3 dart slugs
  8 leopard geckos
  72 orcs
  A ball python (D:2)
  5 bats
  6 giant cockroaches
  22 goblins
  16 hobgoblins
  10 jackals
  14 kobolds
  6 quokkas
  7 frilled lizards
  A leopard gecko zombie (D:5)
  8 rats
  A fungus (D:1)
659 creatures vanquished.

Vanquished Creatures (others)
  A crocodile (Lair:5)
  6 fungi
  13 plants
20 creatures vanquished.

Grand Total: 679 creatures vanquished

Notes
Turn   | Place    | Note
-------+----------+-------------------------------------------
     0 | D:1      | kae the Troll Monk began the quest for the Orb.
     0 | D:1      | Reached XP level 1. HP: 22/22 MP: 0/0
   170 | D:1      | Reached XP level 2. HP: 25/29 MP: 1/1
  1122 | D:2      | Reached XP level 3. HP: 36/36 MP: 2/2
  1203 | D:2      | Reached skill level 4 in Unarmed Combat
  1220 | D:2      | Reached XP level 4. HP: 31/44 MP: 3/3
  1387 | D:2      | Found a blossoming altar of Fedhas.
  1927 | D:3      | Found an iron altar of Okawaru.
  1970 | D:3      | Reached XP level 5. HP: 53/53 MP: 4/4
  2039 | D:3      | Found a hazy altar of Hepliaklqana.
  2064 | D:3      | Reached skill level 5 in Unarmed Combat
  2403 | D:3      | Noticed a hand axe
  2438 | D:3      | Found a glowing golden altar of the Shining One.
  2465 | D:3      | Found a hide-covered altar of Uskayaw.
  2465 | D:3      | Noticed a dagger
  2633 | D:4      | Reached XP level 6. HP: 58/61 MP: 5/5
  2889 | D:4      | Reached skill level 6 in Unarmed Combat
  2986 | D:4      | Reached XP level 7. HP: 52/68 MP: 6/6
  2989 | D:4      | Noticed Nico3ck's ghost (novice GrWz)
  3028 | D:4      | Killed Nico3ck's ghost
  3089 | D:4      | Found a staircase to the Ecumenical Temple.
  3103 | D:4      | Reached skill level 7 in Unarmed Combat
  3107 | D:4      | Noticed Robin
  3123 | Temple   | Entered the Ecumenical Temple
  3354 | Temple   | Became a worshipper of the Wu Jian Council
  3354 | Temple   | Reached * piety under Wu Jian
  3354 | Temple   | Reached ** piety under Wu Jian
  3394 | D:4      | Killed Robin
  3857 | D:5      | Entered Level 5 of the Dungeon
  3923 | D:5      | Reached XP level 8. HP: 72/79 MP: 7/7
  4450 | D:5      | Reached *** piety under Wu Jian
  5010 | D:6      | Reached skill level 5 in Fighting
  5010 | D:6      | Reached skill level 5 in Dodging
  5010 | D:6      | Reached skill level 8 in Unarmed Combat
  5170 | D:6      | Found a radiant altar of Vehumet.
  5601 | D:7      | Reached skill level 9 in Unarmed Combat
  5601 | D:7      | Reached XP level 9. HP: 84/88 MP: 8/8
  6008 | D:7      | Found a transporter.
  6011 | D:7      | Found a corrupted altar of Lugonu.
  6568 | D:7      | Reached **** piety under Wu Jian
  6660 | D:7      | Reached skill level 10 in Unarmed Combat
  7086 | D:7      | Noticed a green ugly thing
  7086 | D:7      | Noticed a green ugly thing
  7087 | D:7      | Found a transporter.
  7090 | D:7      | Got a vibrating iron ring
  7102 | D:7      | Noticed a green ugly thing
  7303 | D:8      | Identified the ring "Micuj" {rPois rF- MR+++ EV+3 Int-5 SInv} (You found it on level 7 of the Dungeon)
  7491 | D:8      | Noticed Joseph
  7504 | D:8      | Noticed Pikel
  7514 | D:8      | Killed Joseph
  7514 | D:8      | Reached XP level 10. HP: 89/100 MP: 9/9
  7533 | D:8      | Killed Pikel
  7914 | D:8      | Reached skill level 11 in Unarmed Combat
  7920 | D:8      | Found a shattered altar of Ashenzari.
  7943 | D:8      | Noticed Prince Ribbit
  7949 | D:8      | Killed Prince Ribbit
  8022 | D:8      | Found a shadowy altar of Dithmenos.
  8382 | D:9      | Found a white marble altar of Elyvilon.
  8609 | D:9      | Noticed a cyclops
  8624 | D:9      | Killed a cyclops
  8704 | D:9      | Found a glowing silver altar of Zin.
  8706 | D:9      | Found a sparkling altar of Nemelex Xobeh.
  8780 | D:9      | Reached ***** piety under Wu Jian
  8881 | D:9      | Noticed RexLacerta's ghost (novice VSIE)
  8892 | D:9      | Killed RexLacerta's ghost
  8892 | D:9      | Reached skill level 12 in Unarmed Combat
  9022 | D:9      | Reached XP level 11. HP: 38/109 MP: 10/10
  9367 | D:9      | Noticed a centaur warrior
  9370 | D:9      | Killed a centaur warrior
  9836 | D:9      | Found a bloodstained altar of Trog.
  9856 | D:10     | Entered Level 10 of the Dungeon
  9949 | D:10     | Noticed a two-headed ogre
 10183 | D:10     | Reached skill level 13 in Unarmed Combat
 10338 | D:10     | Killed a two-headed ogre
 10487 | D:10     | Found a staircase to the Orcish Mines.
 10515 | D:10     | Found Miwudgh's Food Shoppe.
 10587 | D:10     | Found a staircase to the Lair.
 11053 | Lair:1   | Entered Level 1 of the Lair of Beasts
 11070 | Lair:1   | Identified a scroll of acquirement
 11071 | Lair:1   | Got a fine gossamer ring
 11073 | Lair:1   | Identified the ring of Deifelif {rF+ Dex+4 Slay+5} (You acquired it on level 1 of the Lair of Beasts)
 11091 | Lair:1   | Reached skill level 1 in Armour
 11136 | Lair:1   | Reached XP level 12. HP: 78/122 MP: 11/11
 11724 | Lair:2   | Reached skill level 14 in Unarmed Combat
 11744 | Lair:2   | Noticed a catoblepas
 11755 | Lair:2   | Killed a catoblepas
 13055 | Lair:3   | You fall through a shaft for 3 floors!
 13055 | Lair:6   | Entered Level 6 of the Lair of Beasts
 13056 | Lair:6   | Noticed a death yak
 13083 | Lair:6   | Noticed a death yak
 13084 | Lair:6   | Noticed a death yak
 13084 | Lair:6   | Noticed a death yak
 13087 | Lair:6   | Noticed a death yak
 13090 | Lair:6   | Noticed a death yak
 13102 | Lair:6   | Reached XP level 13. HP: 116/131 MP: 12/12
 13139 | Lair:6   | Reached skill level 15 in Unarmed Combat
 13162 | Lair:6   | Reached ****** piety under Wu Jian
 13348 | Lair:5   | Reached skill level 5 in Armour
 13405 | Lair:5   | Reached skill level 10 in Dodging
 13410 | Lair:5   | Reached skill level 10 in Fighting
 13562 | Lair:5   | Found a staircase to the Slime Pits.
 13856 | Lair:4   | Noticed Urug
 13975 | Lair:4   | Killed Urug
 14012 | Lair:4   | Reached skill level 1 in Shields
 14254 | Lair:4   | Found a staircase to the Shoals.
 14713 | Lair:4   | Found a staircase to the Snake Pit.
 16090 | Lair:6   | Reached skill level 16 in Unarmed Combat
 16144 | Lair:6   | Noticed a fire dragon
 16238 | Lair:6   | Killed a fire dragon
 16238 | Lair:6   | Reached XP level 14. HP: 134/144 MP: 13/13
 16616 | Lair:6   | Got a clouded ivory ring
 17374 | Lair:1   | Identified the ring "Reckoz" {rElec rC+ MR++ Str+8 Dex-5} (You found it on level 6 of the Lair of Beasts)
 17375 | Lair:1   | Gained mutation: You are robust. (+10% HP) [potion of mutation]
 17375 | Lair:1   | Gained mutation: Your mind is acute. (Int +2) [potion of mutation]
 17861 | D:11     | Found Boreo's General Store.
 18310 | D:12     | HP: 1/158 [enormous slime creature (61)]
 18569 | D:12     | Found an opulent altar of Gozag.
 18940 | Orc:1    | Entered Level 1 of the Orcish Mines
 19085 | Orc:2    | Entered Level 2 of the Orcish Mines
 19188 | Orc:1    | Found Taboduff's Book Boutique.
 19197 | Orc:1    | Found a flagged portal.
 19204 | Bailey   | Entered a bailey
 20068 | Orc:2    | Noticed a stone giant
 20086 | Orc:2    | Slain by an orc warrior

Vault maps used:
D:1:      minmay_arrival_five_plusses, minmay_gold_behind_fungi
D:2:      minmay_wonky_spiral, lemuel_crystal_altar, first_bread,
          grunt_decor_clamped
D:3:      overflow_temple_1_default, dancing_weapons_uskayaw, okawaru_trees_2,
          lemuel_doored_altar
D:4:      minmay_temple_entry_glassed_door, uniq_robin
D:5:      corexii_shantytown
D:6:      kennysheep_mini, grunt_ministairs_3
D:7:      gammafunk_corrupted_shrine, serial_corexii_hall,
          corexii_hall_statues_i, corexii_hall_statues_t,
          corexii_hall_statues_x, corexii_hall_statues_deadend
D:8:      kennysheep_little_box, marbit_many_paths, uniq_joseph, uniq_pikel,
          uniq_prince_ribbit1
D:9:      hangedman_cross_veins, kennysheep_mini_moat,
          chequers_temple_overflow_statue_of_worship, serial_column_ruins,
          column_ruins_hut, column_ruins_grid_1, column_ruins_open_tiny,
          column_ruins_open_tiny, column_ruins_corridor_straight,
          column_ruins_grid_1, hangedman_little_slice_of_home, elyvilon_altar_5
D:10:     minmay_lair_entry_grove, serial_shops, nicolae_shop_behind_doors
D:11:     serial_shops, shop
D:12:     basic_altar
Temple:   minmay_temple_curvy_loop
Lair:1:   st_stairs_11
Lair:2:   infiniplex_staircase_pool_2
Lair:3:   nicolae_quartered_pool_little, beast_lair_carwin_10
Lair:4:   minmay_shoals_entry_beasts, minmay_snake_entry_guardpost_small,
          grunt_megastairs_4, lemuel_fruit_tree, uniq_urug
Lair:5:   nicolae_slime_entry_slimehenge, minivault_11, kilobyte_rumbling_trees
Lair:6:   hangedman_lair_tendril_chambers, guppyfry_lair_end_dragon,
          eino_small_chamber_without_monster
Orc:1:    serial_shops, nicolae_shop_crystal, enter_bailey_1
Orc:2:    grunt_orc_gardens, grunt_orc_garden, grunt_orc_garden,
          grunt_orc_garden, grunt_orc_garden, serial_shops, shop_statue,
          minmay_orc_barracks
Bailey:   bailey_polearm_flooded_kennysheep, bailey

Skill      XL: |  1  2  3  4  5  6  7  8  9 10 11 12 13 14 |
---------------+-------------------------------------------+-----
Unarmed Combat | 4 5 6 7 9 10 12 13 14 16 | 16.7
Fighting       | 3 4 5 6 7 8 9 10 | 10.7
Dodging        | 3 4 5 6 7 8 9 10 | 10.7
Armour         | 1 4 5 6 |  6.7
Shields        | 2 3 |  3.8
Stealth        | |  1.0

Action                   |  1- 3 |  4- 6 |  7- 9 | 10-12 | 13-15 || total
-------------------------+-------+-------+-------+-------+-------++-------
Melee: Unarmed           |    67 |   183 |   392 |   634 |   745 ||  2021
       Punch             |     3 |     1 |    11 |    60 |    20 ||    95
       Spear             |       |       |       |       |    56 ||    56
Invok: Serpent's Lash    |       |       |       |     1 |     5 ||     6
Evoke: Wand              |       |       |     7 |       |       ||     7
  Use: Scroll            |       |     6 |     7 |     9 |     7 ||    29
       Potion            |       |     1 |     5 |       |     3 ||     9
 Stab: Sleeping          |     3 |     5 |     2 |     6 |     3 ||    19
       Invisible         |       |       |     1 |       |       ||     1
       Distracted        |       |       |       |     2 |       ||     2
       Petrified         |       |       |       |     4 |       ||     4
  Eat: Chunk             |    17 |    16 |    41 |    57 |    65 ||   196
Armor: Robe              |    16 |    42 |    28 |    26 |       ||   112
       Skin              |       |       |    18 |       |     5 ||    23
       Animal skin       |       |       |    42 |       |       ||    42
       Troll leather arm |       |       |       |    25 |    34 ||    59
       Fire dragon scale |       |       |       |       |    82 ||    82
Dodge: Dodged            |    34 |    93 |   203 |   369 |   359 ||  1058
Block: Large shield      |       |       |       |       |   409 ||   409

Table legend:
 A = Spawn XP
 B = Non-spawn XP
 C = Spawn XP percentage of total XP
 D = Spawn monster count
 E = Non-spawn monster count
 F = Spawn count percentage of total count
 G = Total turns spent on level
                    A         B        C        D         E        F      G
               +---------+---------+-------+---------+---------+-------+---------
         Total |       0 |   89630 |   0.0 |       0 |     655 |   0.0 | 20086
               +---------+---------+-------+---------+---------+-------+---------
           D:1 |       0 |      37 |   0.0 |       0 |      18 |   0.0 |  1112
           D:2 |       0 |     138 |   0.0 |       0 |      27 |   0.0 |   795
           D:3 |       0 |     167 |   0.0 |       0 |      24 |   0.0 |   627
           D:4 |       0 |     969 |   0.0 |       0 |      35 |   0.0 |  1062
           D:5 |       0 |     566 |   0.0 |       0 |      40 |   0.0 |  1044
           D:6 |       0 |     873 |   0.0 |       0 |      23 |   0.0 |   610
           D:7 |       0 |    1870 |   0.0 |       0 |      29 |   0.0 |  1790
           D:8 |       0 |    3175 |   0.0 |       0 |      38 |   0.0 |  1072
           D:9 |       0 |    7340 |   0.0 |       0 |      52 |   0.0 |  1811
          D:10 |       0 |    4886 |   0.0 |       0 |      33 |   0.0 |   922
          D:11 |       0 |    1405 |   0.0 |       0 |      27 |   0.0 |   643
          D:12 |       0 |    4257 |   0.0 |       0 |      29 |   0.0 |   811
        Temple |       0 |       2 |   0.0 |       0 |       1 |   0.0 |   261
        Lair:1 |       0 |    5268 |   0.0 |       0 |      25 |   0.0 |   710
        Lair:2 |       0 |    4273 |   0.0 |       0 |      14 |   0.0 |   802
        Lair:3 |       0 |    6950 |   0.0 |       0 |      30 |   0.0 |   717
        Lair:4 |       0 |    4943 |   0.0 |       0 |      19 |   0.0 |  1237
        Lair:5 |       0 |    7306 |   0.0 |       0 |      44 |   0.0 |  1095
        Lair:6 |       0 |   30601 |   0.0 |       0 |      92 |   0.0 |  1819
         Orc:1 |       0 |     916 |   0.0 |       0 |      12 |   0.0 |   282
         Orc:2 |       0 |    1408 |   0.0 |       0 |       4 |   0.0 |    28
        Bailey |       0 |    2280 |   0.0 |       0 |      39 |   0.0 |   836
               +---------+---------+-------+---------+---------+-------+---------
